 Dungeon Crawl Stone Soup version 0.31.0-12-g77e489cdc1 (webtiles) character file.

Game seed: 9192175556548878914

85 spaghetti the Covered (level 4, -7/28 HPs)
             Began as a Tengu Chaos Knight on Mar 7, 2024.
             Was a Plaything of Xom.
             Splashed by a jelly's acid (9 damage)
             ... on level 3 of the Dungeon.
             The game lasted 00:01:56 (1720 turns).

spaghetti the Covered (Tengu Chaos Knight)          Turns: 1720, Time: 00:01:57

Health: -7/28      AC: -10   Str: 14    XL:     4   Next: 48%
Magic:  4/4        EV: 11    Int: 13    God:    Xom [.....*]
Gold:   65         SH:  0    Dex: 11    Spells: 3/3 levels left

rFire   . . .        a - +0 spear (chaos)
rCold   . . .        (no shield)
rNeg    . . .        b - +2 leather armour
rPois   .            (helmet restricted)
rElec   .            (no cloak)
rCorr   .            (no gloves)
SInv    .            (boots unavailable)
Will    +....        (no amulet)
Stlth   +            e - ring of willpower
HPRegen 0.24/turn    (no ring)
MPRegen 0.09/turn

%: acrobat
@: lethally poisoned (-7 -> -8), fugue, corroded
A: beak, talons 3, acrobatic, clumsy 1, low MP 1, persistent drain
a: Renounce Religion


You were on level 3 of the Dungeon.
You worshipped Xom.
You were Xom's teddy bear.
You visited 1 branch of the dungeon, and saw 3 of its levels.

You collected 170 gold pieces.
You spent 105 gold pieces at shops.

Inventory:

Hand Weapons
 a - a +0 spear of chaos (weapon)
Armour
 b - a +2 leather armour (worn)
Jewellery
 e - a ring of willpower (left hand)
Scrolls
 c - a scroll of butterflies
 f - a scroll of blinking
 g - 2 scrolls of teleportation
 h - a scroll of enchant weapon
Potions
 d - a potion of cancellation
 i - a potion of brilliance {unknown}


   Skills:
 - Level 3.0 Fighting
 - Level 3.2 Polearms
 + Level 5.0 Armour
 - Level 1.1 Dodging


You had 3 spell levels left.
You didn't know any spells.
Your spell library contained the following spells:

 Spells                   Type           Power      Damage    Failure   Level
 Summon Forest            Summ/Tloc      0%         N/A       100%        5
 Eringya's Noxious Bog    Alch           0%         4d6       100%        6
 Summon Hydra             Summ           0%         N/A       100%        7


Dungeon Overview and Level Annotations

Branches:
Dungeon (3/15)

Altars:

Shops:
D:1 (   D:2 ?


Innate Abilities, Weirdness & Mutations

You have a beak for a mouth.
You have claws for feet.
You can magically evade attacks while moving or waiting.
You are clumsy. (Dex -2)
Your magical capacity is low. (-10% MP)
Your health recovers twice as slowly from being drained.


Message History

You hit the adder.
The adder is poisoned.
You claw the adder. Your peck misses the adder.
The adder is heavily wounded.
Xom plays with reality for a moment.
You call out to the remnants of the fallen!
An orc wizard comes into view. It is wielding a +0 dagger.
The adder barely misses you.
You barely miss the adder. You peck the adder.
The adder is almost dead.
The adder bites you but does no damage.
You closely miss the adder.
The adder is almost dead.
The adder bites you.
You are poisoned.
The adder poisons you!
You hit the adder.
You kill the adder!
You feel sick.
Your Armour skill increases to level 5!
You hit the jelly. You burn the jelly. The acid corrodes you!
Your hands burn!
You claw the jelly, but do no damage.
The jelly is lightly wounded.
You feel sick. The jelly hits you but does no damage.
You hit the jelly but do no damage.
The jelly looks weaker.
The acid corrodes you!
Your hands burn!
Your peck misses the jelly.
The jelly is lightly wounded.
You feel sick. The jelly misses you.
A goblin comes into view. It is wielding a +0 dagger.
The goblin shouts!
You hit the jelly.
The jelly is poisoned.
The acid corrodes you!
Your hands burn!
* * * LOW HITPOINT WARNING * * *
You claw the jelly.
The jelly is heavily wounded.
The wailing of tortured souls fills the air!
You feel sick. The jelly hits you.
* * * LOW HITPOINT WARNING * * *
The acid corrodes you!
You are splashed with acid!
You die...
Xom bursts into laughter!

#. #. . #.##
.^ #... ..
#..# .# #..#
..#..
#..###o...#.
#...@Joo...g
##<####..#..
#.# # #.#
#.# #.# #..
###


You could see a jelly (very poisoned, weak), an orc wizard, 2 orcs and a goblin.

Vanquished Creatures
  4 adders
  An orc (D:3)
  7 endoplasms
  2 giant cockroaches (D:1)
  2 goblins (D:1)
  4 hobgoblins
  4 jackals (D:1)
  5 quokkas
  6 ball pythons
  3 bats
  A frilled lizard (D:2)
  A kobold (D:1)
  4 rats
44 creatures vanquished.

Notes
Turn   | Place    | Note
-------+----------+-------------------------------------------
     0 | D:1      | spaghetti the Tengu Chaos Knight began the quest for the
                  | Orb.
     0 | D:1      | Reached XP level 1. HP: 14/14 MP: 2/2
    47 | D:1      | XOM: divination: detect creatures
    51 | D:1      | XOM: stat loss: -1 Dex (12/13)
    86 | D:1      | XOM: draining
   159 | D:1      | Reached skill level 3 in Armour
   159 | D:1      | Reached XP level 2. HP: 12/17 MP: 3/3
   269 | D:1      | Found Iqous's Antique Weapon Shop.
   522 | D:1      | Reached XP level 3. HP: 22/22 MP: 4/4
   629 | D:1      | XOM: give mutations
   629 | D:1      | Gained mutation: You are clumsy. (Dex -2) [Xom's mischief]
   629 | D:1      | Gained mutation: Your magical capacity is low. (-10% MP)
                  | [Xom's mischief]
   762 | D:1      | Reached skill level 4 in Armour
   816 | D:1      | Found a faded altar of an unknown god.
   977 | D:2      | Found Welisk's Magic Scroll Emporium.
   984 | D:2      | Bought a scroll of blinking for 75 gold pieces
   984 | D:2      | Bought a scroll of teleportation for 30 gold pieces
  1037 | D:2      | XOM is BORED!
  1037 | D:2      | XOM: give mutation
  1037 | D:2      | Gained mutation: Your health recovers twice as slowly from
                  | being drained. [Xom's mischief]
  1699 | D:3      | Reached XP level 4. HP: 28/28 MP: 4/4
  1714 | D:3      | XOM: cast spell 'Fugue of the Fallen'
  1718 | D:3      | Reached skill level 5 in Armour
  1720 | D:3      | Splashed by a jelly's acid

Illustrated notes

Levels and vault maps discovered:
D:1:      onia_arrival_mini_maze_b, layout_basic,
          shapermc_ecumenical_altar_starsandcircs, serial_shops,
          nicolae_shop_rolling_square, minmay_3d_cube
D:2:      layout_loops_corners, serial_shops, nicolae_shop_tiny_glass
D:3:      layout_loops_ring, uniq_jessica

Skill      XL: |  1  2  3  4 |
---------------+-------------+-----
Armour         | 3 4 5 |  5.0
Fighting       | |  3.0
Polearms       | |  3.2
Dodging        | |  1.1

Action                     |  1- 3 |  4- 6 || total
---------------------------+-------+-------++-------
  Melee: Spear             |   108 |    22 ||   130
         Kick              |    22 |     4 ||    26
         Peck              |    11 |     2 ||    13
    Use: Scroll            |     3 |       ||     3
         Potion            |     1 |       ||     1
   Stab: Paralysed         |     2 |       ||     2
 Armour: Leather armour    |    25 |    11 ||    36
  Dodge: Dodged            |    41 |    11 ||    52
